AoeStats
← Johnny3714

Arena

509129693Analyzed
1v1 RM · 8d ago on Sep 25, 2026· 37m 11s· 2 players
Game mode
Random Map
Map size
Tiny (2 player)
Population
200
Speed
Normal
Resources
Standard
Victory
Conquest
Starting age
Dark Age
Ending age
Imperial Age
RankedLock teamsTeams togetherTeam positionsShared explorationLock speedFull tech treeHidden civsTurbo modeCheats
Victory
Defeat
🇺🇾 Burgundians · Uruguay
877
+15
🇵🇹 Persians · Portugal
862
-41
Johnny3714
7:10 Loom
10:40 Feudal Age
11:21 Horse Collar
13:08 Town Watch
14:26 Double-Bit Axe
15:56 Stone Mining
15:57 Gold Mining
21:34 Castle Age
23:31 Wheelbarrow
24:06 Husbandry
25:54 Elite Skirmisher
26:53 Heavy Plow
26:38 Light Cavalry
31:09 Thumb Ring
31:40 Forging
31:31 Scale Mail Armor
32:57 Kamandaran
32:55 Pikeman
33:04 Crossbowman
34:02 Padded Archer Armor
33:52 Fletching
Opio
8:37 Double-Bit Axe
10:26 Wheelbarrow
13:22 Feudal Age
12:32 Horse Collar
17:45 Castle Age
16:06 Gold Mining
16:10 Stone Mining
17:04 Bow Saw
17:36 Stone Shaft Mining
17:12 Heavy Plow
17:45 Fletching
21:14 Hand Cart
22:06 Two-Man Saw
24:44 Fervor
24:26 Town Watch
25:40 Forging
32:10 Imperial Age
29:42 Town Patrol
32:07 Squires
31:53 Arson
32:47 Loom
33:39 Gold Shaft Mining
35:13 Ballistics
34:28 Elite Skirmisher
34:31 Onager
36:36 Conscription
37:39 Chemistry
36:45 Padded Archer Armor
Connection lost

Rejoining the realm…

Still unreachable

The connection could not be restored.

Session expired

The server has moved on; the page needs a fresh start.